[Event "Team 45 45 League T65"]
[Site "Internet Chess Club"]
[Date "2015.06.12"]
[Round "2"]
[White "gokuxxx"]
[Black "Kingofknights"]
[Result "1-0"]
[WhiteElo "1506"]
[BlackElo "1563"]
[Opening "Queen's pawn: Chigorin variation"]
[ECO "D00"]
[Time "20:00:45"]
[TimeControl "2700+45"]

1. Nc3 d5 2. d4 Nf6 3. Bf4 a6 4. e3 Bg4 5. Be2 Bxe2 6. Qxe2 e6 7. Nf3 Bb4 8. O-O
Bxc3 9. bxc3 b5 10. a4 c6 11. Ne5 Qb6 12. Rfb1 Ne4 13. Qg4 Rg8 14. Qh5 Ra7 15.
Qxh7 Kf8 16. c4 Nc3 17. c5 Qb7 18. Nd7+ Ke7 19. Bd6+ Kxd7 20. Qxg8 Nxb1 21.
Qxf7+ Kc8 22. Qe8# {Black checkmated} 1-0

[Event "Team 45 45 League T65"]
[Site "Internet Chess Club"]
[Date "2015.06.12"]
[Round "2"]
[White "JefferyChess"]
[Black "az2112"]
[Result "1-0"]
[WhiteElo "1740"]
[BlackElo "1623"]
[Opening "Ruy Lopez: closed"]
[ECO "C90"]
[Time "21:01:32"]
[TimeControl "2700+45"]

1. e4 e5 2. Nf3 Nc6 3. Bb5 a6 4. Ba4 Nf6 5. O-O b5 6. Bb3 Be7 7. Re1 d6 8. c3
Na5 9. Bc2 c5 10. a3 Nc6 11. b4 c4 12. d3 cxd3 13. Qxd3 O-O 14. Bb3 Qc7 15. Bg5
Bb7 16. Nbd2 h6 17. Bh4 Rac8 18. Rac1 Nd7 19. Bxe7 Nxe7 20. c4 Bc6 21. cxb5 axb5
22. Bd5 Qb7 23. Bxc6 Rxc6 24. Nb3 Ra6 25. Na5 Qb8 26. Rc3 Rc8 27. Rec1 Rxc3 28.
Rxc3 Nf6 29. h3 d5 30. exd5 e4 31. Qc2 exf3 32. Nc6 Nxc6 33. dxc6 fxg2 34. c7
Qc8 35. Rd3 {Black resigns} 1-0

[Event "Team 45 45 League T65"]
[Site "Internet Chess Club"]
[Date "2015.06.11"]
[Round "2"]
[White "craftsman49868"]
[Black "Constrictor"]
[Result "1-0"]
[WhiteElo "1721"]
[BlackElo "1576"]
[Opening "Queen's pawn game"]
[ECO "A45"]
[Time "20:02:08"]
[TimeControl "2700+45"]

1. d4 Nf6 2. e3 d5 3. c4 c6 4. Nc3 Bf5 5. Nf3 e6 6. Nh4 Bg6 7. Nxg6 hxg6 8. h3
Nbd7 9. Bd2 Qc7 10. Rc1 Be7 11. cxd5 Nxd5 12. Bd3 N7f6 13. e4 Nb6 14. Be3 Rd8
15. O-O O-O 16. Qb3 Rd7 17. Rfd1 Rfd8 18. a4 Qb8 19. Ne2 Rc8 20. Bf4 Bd6 21.
Bxd6 Qxd6 22. a5 Na8 23. e5 Qd5 24. Qb4 Rdd8 25. exf6 gxf6 26. Qxb7 Kg7 27. Qxa7
Rh8 28. Qc5 Qd7 29. Be4 Rh5 30. Bxc6 Qd8 31. d5 Rxd5 32. Rxd5 exd5 33. b4 {Black
resigns} 1-0

[Event "Team 45 45 League T65"]
[Site "Internet Chess Club"]
[Date "2015.06.13"]
[Round "2"]
[White "elessar"]
[Black "SugarIslander"]
[Result "1-0"]
[WhiteElo "1619"]
[BlackElo "1591"]
[Opening "Petrov: Nimzovich attack"]
[ECO "C42"]
[Time "14:00:35"]
[TimeControl "2700+45"]

1. e4 e5 2. Nf3 Nf6 3. Nxe5 d6 4. Nf3 Nxe4 5. Nc3 Nxc3 6. dxc3 Be7 7. Be3 Nc6 8.
Bd3 Bg4 9. Be4 O-O 10. Qd2 Re8 11. Qd3 g6 12. h3 Be6 13. Bd5 Bxd5 14. Qxd5 Bf6
15. O-O-O Qd7 16. g4 Qe6 17. Ng5 Qxd5 18. Rxd5 Re5 19. Rxe5 Nxe5 20. Ne4 Bg7 21.
Nd2 b6 22. f4 Nd7 23. Kd1 Re8 24. Re1 Nf6 25. Bd4 Rxe1+ 26. Kxe1 Nd5 27. Ne4
Nxf4 28. Bxg7 Kxg7 29. Nf2 f6 30. Kd2 h5 31. Ke3 g5 32. gxh5 Nxh5 33. Nd3 f5 34.
Kf3 Kf6 35. c4 Ng7 36. Nb4 Ne6 37. Nd5+ Ke5 38. c3 c6 39. Ne7 Nd8 40. Nc8 d5 41.
cxd5 Kxd5 42. Nxa7 Nf7 43. Nc8 Ne5+ 44. Ke2 b5 45. b3 f4 46. a4 bxa4 47. bxa4
Nc4 48. Ne7+ Kd6 49. Nf5+ Ke6 50. Nd4+ Kd5 51. Nf3 Kc5 52. Nxg5 Kb6 53. h4 Nd6
54. h5 Nf5 55. Nf7 Ka5 56. h6 Nxh6 57. Nxh6 Kxa4 58. Ng4 Kb3 59. Kd3 f3 60. Nf2
c5 61. Ne4 c4+ 62. Kd4 Ka4 63. Kxc4 Ka5 64. Kd5 Kb6 65. c4 Kc7 66. Kc5 Kc8 67.
Kc6 Kb8 68. c5 Kc8 69. Nf2 Kd8 70. Kb7 Ke7 71. c6 Kf6 72. c7 Kg5 73. c8=Q Kf4
74. Qg4+ Ke3 75. Qg3 Ke2 76. Qg1 Ke3 77. Nh3+ Ke2 78. Qf2+ {Black resigns} 1-0

[Event "Team 45 45 League T65"]
[Site "Internet Chess Club"]
[Date "2015.06.13"]
[Round "2"]
[White "dabodhi"]
[Black "Hal2001"]
[Result "1/2-1/2"]
[WhiteElo "1376"]
[BlackElo "1595"]
[Opening "Robatsch (modern) defense"]
[ECO "B06"]
[Time "15:00:38"]
[TimeControl "2700+45"]

1. e4 g6 2. Nf3 Bg7 3. d4 c5 4. Be3 cxd4 5. Bxd4 Nf6 6. e5 Ng8 7. e6 Nf6 8.
exf7+ Kxf7 9. Ng5+ Kf8 10. Bc4 Qa5+ 11. Qd2 Qxd2+ 12. Nxd2 d5 13. Bd3 Nc6 14.
Ndf3 Nxd4 15. Nxd4 Bh6 16. Nge6+ Kf7 17. Nc7 Rb8 18. O-O Ne8 19. Nxd5 Bg7 20. c3
e6 21. Ne3 a6 22. a4 Nd6 23. Rfe1 Bd7 24. Nc4 Nxc4 25. Bxc4 Rhe8 26. Nf3 b5 27.
axb5 axb5 28. Bd3 e5 29. Ra7 Re7 30. Ng5+ Kg8 31. f4 Rbe8 32. Ne4 exf4 33. Re2
Bc6 34. Rxe7 Rxe7 35. Kf2 Kf8 36. Ng5 Rxe2+ 37. Bxe2 h6 38. Ne6+ Kf7 39. Nxf4
Kf6 40. Bf3 Bxf3 41. Kxf3 Kf5 42. Ne2 b4 43. g4+ Kg5 44. h3 bxc3 45. bxc3 Be5
46. c4 h5 47. c5 hxg4+ 48. hxg4 Kf6 49. Ke4 Bc7 50. Kd5 Kg5 51. Kc6 Bh2 52. Kd7
Kxg4 53. c6 g5 54. Ke6 Bb8 55. Ng1 Kg3 56. Ne2+ Kf3 57. Ng1+ Ke4 58. Nh3 g4 59.
Nf2+ Kf3 60. Nxg4 Kxg4 61. Kd7 {Game drawn by mutual agreement} 1/2-1/2

[Event "Team 45 45 League T65"]
[Site "Internet Chess Club"]
[Date "2015.06.12"]
[Round "2"]
[White "Tjet"]
[Black "zap2"]
[Result "0-1"]
[WhiteElo "1538"]
[BlackElo "1735"]
[Opening "English, 1...Nf6 (Anglo-Indian defense)"]
[ECO "A15"]
[Time "14:15:18"]
[TimeControl "2700+45"]

1. c4 Nf6 2. g3 d6 3. Bg2 g6 4. Nc3 Bg7 5. e4 e5 6. b4 Nbd7 7. d3 O-O 8. Nge2 c6
9. O-O Re8 10. b5 Nf8 11. bxc6 bxc6 12. Rb1 Ne6 13. f4 exf4 14. Nxf4 Nxf4 15.
Bxf4 Nh5 16. Qd2 Qa5 17. Ne2 Qxd2 18. Bxd2 Bg4 19. Nf4 Bd4+ 20. Kh1 Rab8 21.
Nxh5 Bxh5 22. Bf4 Be5 23. Rxb8 Rxb8 24. Bxe5 dxe5 25. Bf3 Bxf3+ 26. Rxf3 Rb2 27.
Rf6 Rxa2 28. Rxc6 a5 29. Ra6 Kf8 30. c5 Ke8 31. c6 Kd8 32. Ra7 a4 33. Rxf7 a3
34. Rxh7 Rd2 35. Ra7 a2 36. h4 Rd1+ 37. Kg2 a1=Q 38. Rxa1 Rxa1 39. Kf3 Ke7 40.
Kg4 Kf6 41. h5 gxh5+ {White resigns} 0-1

[Event "Team 45 45 League T65"]
[Site "Internet Chess Club"]
[Date "2015.06.13"]
[Round "2"]
[White "BJJ"]
[Black "seanmurphy"]
[Result "1/2-1/2"]
[WhiteElo "1495"]
[BlackElo "1336"]
[Opening "Sicilian: Labourdonnais-Löwenthal variation"]
[ECO "B32"]
[Time "07:06:41"]
[TimeControl "2700+45"]

1. e4 c5 2. Nf3 Nc6 3. d4 cxd4 4. Nxd4 e5 5. Nxc6 bxc6 6. Bc4 Nf6 7. O-O d5 8.
exd5 cxd5 9. Bb5+ Bd7 10. Qd3 Bd6 11. Bxd7+ Qxd7 12. Bg5 Rd8 13. Nd2 Bb8 14.
Rae1 Qc7 15. Qb5+ Rd7 16. Bh4 O-O 17. Bxf6 e4 18. g3 gxf6 19. Nb3 f5 20. Nd4 f4
21. Qe2 f3 22. Qe3 Rd6 23. Nb5 Qd7 24. Nxd6 Qh3 25. Qg5+ Kh8 26. Qf6+ Kg8 27.
Qg5+ Kh8 28. Qf6+ Kg8 29. Qg5+ Kh8 30. Qf6+ Kg8 {Game drawn by repetition}
1/2-1/2

[Event "Team 45 45 League T65"]
[Site "Internet Chess Club"]
[Date "2015.06.12"]
[Round "2"]
[White "Gilguli"]
[Black "KidRattler"]
[Result "1/2-1/2"]
[WhiteElo "1446"]
[BlackElo "1554"]
[Opening "Sicilian defense"]
[ECO "B20"]
[Time "14:05:18"]
[TimeControl "2700+45"]

1. e4 c5 2. a3 d6 3. b4 cxb4 4. axb4 Nf6 5. Nc3 Bd7 6. Nf3 g6 7. Bc4 Nc6 8. Ng5
e6 9. d3 Bg7 10. b5 Na5 11. Be3 Nxc4 12. dxc4 Nh5 13. Qd2 Bxc3 14. Qxc3 Qf6 15.
e5 Qxe5 16. Qxe5 dxe5 17. Ne4 O-O 18. g4 f5 19. gxh5 fxe4 20. hxg6 hxg6 21.
O-O-O Rf7 22. Rhg1 Kh7 23. Rg4 Kg7 24. Rxe4 a6 25. Rxe5 axb5 26. Bd4 Kh7 27. Rd3
Rf5 28. Rh3+ Rh5 29. Rhxh5+ gxh5 30. cxb5 Kg6 31. b6 Rf8 32. Be3 Rf5 33. Re4 e5
34. Kd2 Bc6 35. Rh4 Bf3 36. Rh3 Bg4 37. Rg3 Rf3 38. Kd3 Kf5 39. c4 Rxg3 40. hxg3
Bf3 41. c5 Bc6 42. Ke2 Kg4 43. Bh6 e4 44. Ke3 h4 45. gxh4 Kxh4 {Game drawn by
mutual agreement} 1/2-1/2

[Event "Team 45 45 League T65"]
[Site "Internet Chess Club"]
[Date "2015.06.13"]
[Round "2"]
[White "Just-Jim"]
[Black "guyd52"]
[Result "1-0"]
[WhiteElo "1364"]
[BlackElo "1320"]
[Opening "King's pawn opening"]
[ECO "B07"]
[Time "18:00:35"]
[TimeControl "2700+45"]

1. e4 d6 2. d4 g6 3. f4 Bg7 4. Nf3 b6 5. Be2 Bb7 6. e5 Nc6 7. O-O e6 8. c3 Qd7
9. Na3 Nge7 10. c4 dxe5 11. fxe5 O-O-O 12. Ng5 Nf5 13. d5 Qe7 14. Qa4 exd5 15.
cxd5 Rxd5 16. Bc4 Rxe5 17. Nb5 a6 18. Nxc7 Ra5 19. Qb3 Qxc7 20. Bf4 Ncd4 21. Qd3
Qc5 22. Kh1 Rd8 23. Nxf7 Ne6 24. Bxe6+ Rd7 25. Qxd7# {Black checkmated} 1-0

[Event "Team 45 45 League T65"]
[Site "Internet Chess Club"]
[Date "2015.06.14"]
[Round "2"]
[White "AVEMARIA"]
[Black "lilith"]
[Result "1-0"]
[WhiteElo "1619"]
[BlackElo "1578"]
[Opening "King's pawn game"]
[ECO "C50"]
[Time "06:00:40"]
[TimeControl "2700+45"]

1. e4 e5 2. Nf3 Nc6 3. Bc4 h6 4. c3 Nf6 5. d3 d6 6. O-O Na5 7. Qa4+ Nc6 8. h3
Be7 9. Qd1 Bd7 10. Bb3 O-O 11. Nbd2 Na5 12. Bc2 Be6 13. Re1 c5 14. d4 cxd4 15.
cxd4 Qc7 16. d5 Bd7 17. Bd3 b6 18. Qe2 Nb7 19. Nb3 Nc5 20. Nxc5 bxc5 21. Be3
Rab8 22. b3 Rb4 23. Bd2 Rb6 24. Ba5 Qb7 25. Bxb6 axb6 26. a4 Qc8 27. Nd2 Bxh3
28. gxh3 Qxh3 29. Qf3 Qh4 30. Qg3 Qh5 31. Be2 {Black resigns} 1-0

[Event "Team 45 45 League T65"]
[Site "Internet Chess Club"]
[Date "2015.06.14"]
[Round "2"]
[White "ShadowKing"]
[Black "Chess4Him"]
[Result "1/2-1/2"]
[WhiteElo "1420"]
[BlackElo "1533"]
[Opening "Robatsch (modern) defense"]
[ECO "B06"]
[Time "18:00:32"]
[TimeControl "2700+45"]

1. e4 g6 2. Nf3 Bg7 3. Nc3 d6 4. Be2 a6 5. d3 b5 6. a3 Bb7 7. O-O Nd7 8. Be3 c5
9. Rb1 Nh6 10. d4 b4 11. axb4 cxb4 12. Nd5 a5 13. Bd3 Bxd5 14. exd5 O-O 15. Qd2
Ng4 16. h3 Nxe3 17. Qxe3 Nb6 18. Qe4 Qc7 19. Bb5 Nd7 20. Qxe7 Rad8 21. Qe2 Rfe8
22. Qd3 Re7 23. Rfe1 Nf6 24. Rxe7 Qxe7 25. Re1 Qa7 26. Bc6 a4 27. Ra1 a3 28.
bxa3 bxa3 29. Rxa3 Qe7 30. Qe3 Qxe3 31. Rxe3 Bf8 32. Ne1 Rb8 33. Rb3 Rxb3 34.
cxb3 Bh6 35. Nc2 Kf8 36. b4 Ke7 37. b5 Kd8 38. Nb4 Kc7 39. Na6+ Kb6 40. Nb8 Kc7
41. Na6+ Kb6 42. Nb4 Ne4 43. Kf1 Bd2 44. Nc2 Bc3 45. Ke2 Bb2 46. Ke3 Nc3 47. Kf4
f6 48. Kg4 Nxb5 49. f4 Nxd4 50. Nxd4 Bxd4 51. f5 Be3 52. fxg6 hxg6 53. h4 Kc5
54. h5 gxh5+ 55. Kxh5 Kd4 56. Kg6 Ke5 57. g4 Bg5 58. Kf7 Bh4 59. Kg6 Kf4 60. Kh5
Bg5 61. Bb7 Ke5 62. Bc6 Be3 63. Bb7 Bg5 64. Bc6 {Game drawn by mutual agreement}
1/2-1/2

[Event "Team 45 45 League T65"]
[Site "Internet Chess Club"]
[Date "2015.06.13"]
[Round "2"]
[White "Ostap-Bender"]
[Black "Fogbound"]
[Result "1-0"]
[WhiteElo "1448"]
[BlackElo "1270"]
[Opening "QGD: Marshall defense"]
[ECO "D06"]
[Time "14:00:35"]
[TimeControl "2700+45"]

1. d4 d5 2. c4 Nf6 3. Nf3 e6 4. Bf4 c5 5. cxd5 exd5 6. Nc3 Be7 7. e3 O-O 8. h3
Re8 9. Bb5 Nc6 10. O-O a6 11. Be2 c4 12. a3 Na5 13. Nd2 Bd7 14. Bf3 Bc6 15. b4
cxb3 16. Nxb3 Ba4 17. Nxa4 Nc4 18. Nc3 Rc8 19. Nb1 Qb6 20. N1d2 Nxd2 21. Nxd2
Qb2 22. Rb1 Qc2 23. Qxc2 Rxc2 24. Rfd1 b5 25. Nb3 Bxa3 26. Ra1 b4 27. Nc5 h5 28.
Nxa6 Rec8 29. Nc5 Ra8 30. Kf1 Rc8 31. Ke1 Nd7 32. Nxd7 R8c3 33. Nc5 Rc1 34.
Rdxc1 Bxc1 35. Rb1 Rc2 36. Rxb4 Bd2+ 37. Kd1 Ra2 38. Rb1 Bc3 39. e4 Rxf2 40.
exd5 Bxd4 41. Nd3 Rf1+ 42. Kc2 {Black resigns} 1-0

[Event "Team 45 45 League T65"]
[Site "Internet Chess Club"]
[Date "2015.06.12"]
[Round "2"]
[White "TerryMalloy"]
[Black "santiagoelawad"]
[Result "1/2-1/2"]
[WhiteElo "1961"]
[BlackElo "2081"]
[Opening "Caro-Kann: Steinitz variation"]
[ECO "B17"]
[Time "18:09:00"]
[TimeControl "2700+45"]

1. e4 c6 2. d4 d5 3. Nd2 dxe4 4. Nxe4 Nd7 5. Bd3 Ngf6 6. Ng5 e6 7. Qe2 Bd6 8.
N1f3 h6 9. Ne4 Nxe4 10. Qxe4 Qc7 11. Qg4 Kf8 12. Be3 Nf6 13. Qh4 Qa5+ 14. c3 Qh5
15. Qxh5 Nxh5 16. O-O-O b6 17. Ne5 Bb7 18. Be4 Rc8 19. Kb1 Nf6 20. Bf3 Ke7 21.
Rhe1 Rhd8 22. b3 Ba8 23. Kb2 Nd5 24. Bc1 c5 25. c4 Bxe5 26. Rxe5 Nc7 27. d5 f6
28. Ree1 e5 29. Bg4 Rb8 30. d6+ Rxd6 31. Rxd6 Kxd6 32. Rd1+ Ke7 33. Rd7+ Kf8 34.
Rxc7 Bxg2 35. Rc8+ Rxc8 36. Bxc8 Ke7 37. Bf5 Bf3 38. Kc3 h5 39. Kd3 a5 40. Ke3
Bd1 41. f4 a4 42. Kd2 Bf3 43. fxe5 axb3 44. axb3 fxe5 45. h4 Kf6 46. Bc2 g5 47.
hxg5+ Kxg5 48. Ke3 Kg4 49. Bb2 e4 50. Be5 h4 51. Bc7 h3 52. Bxe4 Bd1 53. Bd5
Bxb3 54. Bxb6 h2 55. Be6+ Kg3 56. Bc7+ Kg2 57. Bd5+ Kg1 58. Kd3 Bxc4+ 59. Kxc4
h1=Q 60. Bxh1 Kxh1 61. Kxc5 {Game drawn because neither player has mating
material} 1/2-1/2

[Event "Team 45 45 League T65"]
[Site "Internet Chess Club"]
[Date "2015.06.11"]
[Round "2"]
[White "primerpaso"]
[Black "Gojira"]
[Result "1-0"]
[WhiteElo "1855"]
[BlackElo "1718"]
[Opening "English: Caro-Kann defensive system"]
[ECO "A11"]
[Time "19:08:02"]
[TimeControl "2700+45"]

1. c4 c6 2. Nc3 Nf6 3. g3 e6 4. Bg2 d5 5. cxd5 exd5 6. d4 Bf5 7. Nf3 Be7 8. O-O
h6 9. Bf4 Nbd7 10. h3 Ne4 11. Rc1 Qb6 12. Na4 Qa5 13. g4 Bh7 14. a3 Nb6 15. Nc3
Nc4 16. Ne5 Nxc3 17. Rxc3 Nxa3 18. Qb3 Nb5 19. Bxd5 cxd5 20. Qxd5 O-O 21. Rb3 a6
22. Re3 Rad8 23. Qxb7 Rde8 24. Nc6 Qd2 25. Nxe7+ Kh8 26. Qxa6 Nxd4 27. Bg3 Ra8
28. Qc4 Ra2 29. Qxa2 Nxe2+ 30. Kg2 Nxg3 31. Kxg3 Qd6+ 32. Kg2 Rd8 33. Qxf7 Qd4
34. Rfe1 Qxb2 35. Ng6+ Bxg6 36. Qxg6 {Black resigns} 1-0

[Event "Team 45 45 League T65"]
[Site "Internet Chess Club"]
[Date "2015.06.11"]
[Round "2"]
[White "CaptK"]
[Black "frank001"]
[Result "1-0"]
[WhiteElo "1896"]
[BlackElo "1762"]
[Opening "Neo-Grünfeld defense"]
[ECO "D70"]
[Time "12:02:05"]
[TimeControl "2700+45"]

1. d4 d5 2. Nf3 Nf6 3. c4 g6 4. cxd5 Nxd5 5. e4 Nb6 6. Nc3 Bg7 7. Bf4 a6 8. Be2
O-O 9. h3 c5 10. dxc5 N6d7 11. Na4 Nc6 12. O-O e5 13. Be3 Qe7 14. Rc1 Rd8 15.
Qb3 Nd4 16. Bxd4 exd4 17. Bc4 Qxe4 18. Ng5 Qh4 19. Nxf7 Kf8 20. Nxd8 Qxd8 21.
Bg8 Qf6 22. c6 bxc6 23. Rxc6 Qe7 24. Rfc1 {Black resigns} 1-0

[Event "Team 45 45 League T65"]
[Site "Internet Chess Club"]
[Date "2015.06.13"]
[Round "2"]
[White "kabindra"]
[Black "Chess-Boy"]
[Result "1-0"]
[WhiteElo "1777"]
[BlackElo "1612"]
[Opening "Alekhine's defense: four pawns attack, 7.Be3"]
[ECO "B02"]
[Time "17:00:17"]
[TimeControl "2700+45"]

1. e4 Nf6 2. e5 Nd5 3. c4 Nb6 4. d4 d6 5. f4 dxe5 6. fxe5 Nc6 7. Be3 g6 8. Be2
Bg7 9. Nf3 O-O 10. O-O Bf5 11. Qd2 Bxb1 12. Raxb1 f6 13. e6 f5 14. d5 Ne5 15.
Nxe5 Bxe5 16. Bh6 Bg7 17. b3 c6 18. Rbd1 cxd5 19. Bxg7 Kxg7 20. c5 Nc8 21. Bf3
b6 22. Bxd5 Rb8 23. Qf4 {Black resigns} 1-0

[Event "Team 45 45 League T65"]
[Site "Internet Chess Club"]
[Date "2015.06.13"]
[Round "2"]
[White "SlimeDog2"]
[Black "MikeTtheGuru"]
[Result "1-0"]
[WhiteElo "2048"]
[BlackElo "1822"]
[Opening "Queen's Indian: Petrosian system"]
[ECO "E12"]
[Time "23:47:02"]
[TimeControl "2700+45"]

1. d4 Nf6 2. c4 e6 3. Nf3 b6 4. a3 Bb7 5. Nc3 d5 6. Bg5 Be7 7. e3 O-O 8. Rc1
Nbd7 9. cxd5 exd5 10. Be2 c5 11. O-O Ne4 12. Bxe7 Qxe7 13. dxc5 Nxc3 14. Rxc3
Nxc5 15. Nd4 Ne4 16. Rc1 Rac8 17. Qa4 a6 18. Qb4 Qf6 19. Bf3 g6 20. Rfd1 Rfd8
21. Qe1 Qe7 22. Rxc8 Rxc8 23. Rc1 Rxc1 24. Qxc1 Qc5 25. Qxc5 bxc5 26. Nb3 c4 27.
Bxe4 dxe4 28. Nc5 Bc8 29. Nxe4 Kf8 30. Kf1 Ke7 31. f3 f5 32. Nd2 Be6 33. Ke2 Kd6
34. Kd1 a5 35. Kc2 a4 36. Kc3 Kc5 37. h4 h6 38. f4 Bd5 39. Nf3 Bc6 40. Ne5 Bd5
41. g3 {Black resigns} 1-0

[Event "Team 45 45 League T65"]
[Site "Internet Chess Club"]
[Date "2015.06.13"]
[Round "2"]
[White "jjimalo"]
[Black "sharky123"]
[Result "1-0"]
[WhiteElo "1882"]
[BlackElo "1831"]
[Opening "Caro-Kann: Panov-Botvinnik attack"]
[ECO "B13"]
[Time "03:00:14"]
[TimeControl "2700+45"]

1. e4 c6 2. d4 d5 3. exd5 cxd5 4. c4 Nf6 5. Nc3 Nc6 6. Nf3 Bg4 7. cxd5 Nxd5 8.
Qb3 Bxf3 9. gxf3 e6 10. Qxb7 Nxd4 11. Bb5+ Nxb5 12. Qc6+ Ke7 13. Qxb5 Nxc3 14.
bxc3 Qd7 15. Ba3+ Ke8 16. Qxd7+ Kxd7 17. O-O-O+ Kc7 18. Bxf8 Rhxf8 19. Rhg1 g6
20. Rg4 Rad8 21. Rc4+ Kb7 22. Rb4+ Ka8 23. Rbd4 Rxd4 24. Rxd4 Rc8 25. Kd2 Rc7
26. Rb4 Rb7 27. Rxb7 Kxb7 28. Kd3 Kc6 29. Kd4 Kb5 30. c4+ Kc6 31. Ke5 Kc5 32.
Kf6 Kxc4 33. Kxf7 a5 34. Kg7 Kb4 35. Kxh7 Ka3 36. Kxg6 Kxa2 37. h4 Kb1 38. h5 a4
39. h6 a3 40. h7 a2 41. h8=Q a1=Q 42. Qxa1+ Kxa1 43. Kf6 Kb2 44. Kxe6 Kc3 45. f4
Kd4 46. f5 Ke4 47. f6 Kf3 48. f7 Kxf2 49. f8=Q+ {Black resigns} 1-0

[Event "Team 45 45 League T65"]
[Site "Internet Chess Club"]
[Date "2015.06.16"]
[Round "2"]
[White "Holzschlange"]
[Black "elmaestro"]
[Result "0-1"]
[WhiteElo "1808"]
[BlackElo "1814"]
[Opening "Dutch: Ilyin-Genevsky variation with b3"]
[ECO "A99"]
[Time "11:05:09"]
[TimeControl "2700+45"]

1. Nf3 f5 2. d4 e6 3. c4 d6 4. g3 Nf6 5. Bg2 Be7 6. O-O O-O 7. b3 Qe8 8. Nc3 Bd8
9. Bb2 Qh5 10. Re1 g5 11. e4 f4 12. e5 Ne8 13. d5 g4 14. dxe6 fxg3 15. Ne4 gxf2+
16. Nxf2 gxf3 17. Bh3 Bh4 18. e7 Bxh3 19. exf8=Q+ Kxf8 20. exd6 Qg6+ {White
resigns} 0-1

[Event "Team 45 45 League T65"]
[Site "Internet Chess Club"]
[Date "2015.06.14"]
[Round "2"]
[White "Bleddyn"]
[Black "Konstantinos"]
[Result "1-0"]
[WhiteElo "1538"]
[BlackElo "1649"]
[Opening "QGD semi-Slav"]
[ECO "D43"]
[Time "15:06:23"]
[TimeControl "2700+45"]

1. d4 d5 2. c4 c6 3. Nf3 Nf6 4. Nc3 e6 5. Bg5 Be7 6. e3 O-O 7. Bd3 b6 8. cxd5
cxd5 9. O-O Ba6 10. Rc1 Bxd3 11. Qxd3 Nbd7 12. Bf4 Nh5 13. Nb5 Nxf4 14. exf4 Nf6
15. Ne5 Qb8 16. Nc7 Bd6 17. Nxa8 Qxa8 18. Rc2 Rc8 19. Rfc1 Rxc2 20. Qxc2 Ne8 21.
Qc6 Qd8 22. g3 Qe7 23. Qd7 Kf8 24. Qxe7+ Kxe7 25. Nc6+ Kd7 26. Nxa7 Nc7 27. a4
Be7 28. Nc6 Bf6 29. Ne5+ Bxe5 30. fxe5 Na6 31. f4 Nb4 32. Kf1 Nd3 33. Rc2 Nb4
34. Rc3 Nc6 35. Rxc6 Kxc6 36. b4 g6 37. g4 h6 38. h4 Kd7 39. Ke2 Kc6 40. Ke3 Kd7
41. f5 Kc6 42. Kf4 Kd7 43. fxg6 fxg6 44. b5 Kc7 45. Ke3 Kb7 46. Kd3 Ka7 47. Kc3
Kb7 48. Kb4 Kb8 49. a5 Kb7 50. axb6 Ka8 51. Kc5 Kb7 52. Kd6 Kxb6 53. Kxe6 Kxb5
54. Kxd5 {Black resigns} 1-0

[Event "Team 45 45 League T65"]
[Site "Internet Chess Club"]
[Date "2015.06.12"]
[Round "2"]
[White "VictorRed"]
[Black "keshavp"]
[Result "0-1"]
[WhiteElo "1821"]
[BlackElo "1760"]
[Opening "Queen's pawn: Chigorin variation"]
[ECO "D00"]
[Time "22:01:32"]
[TimeControl "2700+45"]

1. d4 d5 2. Nc3 f5 3. Bf4 c6 4. Nf3 Nf6 5. e3 e6 6. Be2 Be7 7. Ne5 O-O 8. g4 Ne4
9. Nxe4 fxe4 10. Qd2 c5 11. O-O-O Nc6 12. Nxc6 bxc6 13. Rdg1 cxd4 14. exd4 c5
15. g5 cxd4 16. g6 hxg6 17. Rxg6 Rf6 18. Rhg1 Rxg6 19. Rxg6 Bf6 20. f3 e3 21.
Qe1 e5 22. Bh6 Bf5 23. Rg1 Kf7 24. f4 gxh6 25. fxe5 Bxe5 26. Bh5+ Ke6 27. Qf1
Qc7 28. Qa6+ Bd6 29. c3 dxc3 30. b3 Rf8 31. Re1 Qc5 {White resigns} 0-1

[Event "Team 45 45 League T65"]
[Site "Internet Chess Club"]
[Date "2015.06.15"]
[Round "2"]
[White "fkramer"]
[Black "Baseta"]
[Result "1-0"]
[WhiteElo "1802"]
[BlackElo "1864"]
[Opening "Queen's pawn game"]
[ECO "A45"]
[Time "10:02:17"]
[TimeControl "2700+45"]

1. d4 Nf6 2. c3 d5 3. Nf3 c6 4. Bf4 Bf5 5. e3 Nbd7 6. Nbd2 g6 7. h3 Bg7 8. Nh4
Be6 9. Bd3 h6 10. Bh2 c5 11. O-O c4 12. Bc2 b5 13. a3 O-O 14. Nhf3 Qb6 15. e4
dxe4 16. Nxe4 Bd5 17. Nxf6+ Nxf6 18. Re1 Qb7 19. Re3 a5 20. Re1 b4 21. axb4 axb4
22. Rxa8 Rxa8 23. cxb4 Qxb4 24. Ne5 Qxb2 25. Bxg6 fxg6 26. Nxg6 e6 27. Be5 Ra2
28. Bg3 c3 29. Ne7+ Kh7 30. Qd3+ Be4 31. Rxe4 Ra1+ 32. Re1+ Kh8 33. Ng6+ Kg8 34.
Ne7+ Kf7 35. Qg6+ Kf8 36. Rxa1 Qxa1+ 37. Kh2 Qa3 38. Nc8 Ne8 39. Qxe6 Bf6 40.
Nd6 Be7 41. Qf7# {Black checkmated} 1-0

[Event "Team 45 45 League T65"]
[Site "Internet Chess Club"]
[Date "2015.06.14"]
[Round "2"]
[White "BrianWood"]
[Black "OzymandiasVII"]
[Result "0-1"]
[WhiteElo "1505"]
[BlackElo "1712"]
[Opening "English, Keres variation"]
[ECO "A21"]
[Time "13:20:08"]
[TimeControl "2700+45"]

1. c4 e5 2. Nc3 d6 3. g3 c6 4. Bg2 Nf6 5. d3 Be7 6. Nf3 Bg4 7. O-O Bxf3 8. Bxf3
h5 9. Bg5 Nbd7 10. e4 Qb6 11. b3 a6 12. Be3 Qd8 13. d4 h4 14. dxe5 Nxe5 15. Bh1
hxg3 16. fxg3 Nfg4 17. Bf4 Qb6+ {White resigns} 0-1

[Event "Team 45 45 League T65"]
[Site "Internet Chess Club"]
[Date "2015.06.14"]
[Round "2"]
[White "chess09"]
[Black "NAS"]
[Result "1/2-1/2"]
[WhiteElo "1857"]
[BlackElo "1782"]
[Opening "King's Indian defense, 3.Nc3"]
[ECO "A65"]
[Time "16:02:11"]
[TimeControl "2700+45"]

1. d4 Nf6 2. c4 g6 3. Nc3 c5 4. d5 e6 5. e4 exd5 6. cxd5 d6 7. f3 Bg7 8. Be3 O-O
9. Qd2 Re8 10. Nge2 Na6 11. g4 Nc7 12. Ng3 a6 13. a4 b6 14. h4 Qe7 15. h5 Bb7
16. Bc4 b5 17. axb5 axb5 18. Rxa8 Rxa8 19. Nxb5 Nxb5 20. Bxb5 Ra1+ 21. Kf2 Rxh1
22. Nxh1 gxh5 23. g5 Nd7 24. Ng3 Ne5 25. Nxh5 Bh8 26. b3 f6 27. Ng3 Bc8 28. Kg2
Ng6 29. Kf2 fxg5 30. Bxg5 Bf6 31. Bxf6 Qxf6 32. Qh6 Qb2+ 33. Be2 Qd4+ 34. Qe3
Qf6 35. Qh6 Qd4+ 36. Qe3 Qf6 37. Qh6 {Game drawn by mutual agreement} 1/2-1/2

[Event "Team 45 45 League T65"]
[Site "Internet Chess Club"]
[Date "2015.06.14"]
[Round "2"]
[White "LooneyBinJim"]
[Black "LazyPeon"]
[Result "1/2-1/2"]
[WhiteElo "1883"]
[BlackElo "1726"]
[Opening "Four knights: Rubinstein counter-gambit"]
[ECO "C48"]
[Time "14:30:35"]
[TimeControl "2700+45"]

1. e4 e5 2. Nf3 Nc6 3. Nc3 Nf6 4. Bb5 Nd4 5. Ba4 Bc5 6. Nxe5 O-O 7. Nd3 Bb6 8.
e5 c6 9. O-O Ne8 10. Ne2 d5 11. Nxd4 Bxd4 12. c3 Bb6 13. Ne1 f6 14. exf6 Nxf6
15. d4 Bc7 16. Nd3 {Game drawn by mutual agreement} 1/2-1/2